 Dungeon Crawl Stone Soup version 0.23.1 (webtiles) character file.

Game seed: 0

5512 uberloutre the Grappler (level 10, 0/94 HPs)
             Began as a Troll Monk on Mar 5, 2019.
             Was an Elder of Trog.
             Slain by a killer bee (10 damage)
             ... on level 9 of the Dungeon on Mar 7, 2019.
             The game lasted 00:29:23 (7742 turns).

uberloutre the Grappler (Troll Monk)                Turns: 7742, Time: 00:29:24

Health: 0/94       AC:  6    Str: 21    XL:     10   Next: 43%
Magic:  9/9        EV: 15    Int:  6    God:    Trog [****..]
Gold:   402        SH:  0    Dex: 15    Spells: 9/9 levels left

rFire    . . .     SeeInvis .     - Unarmed
rCold    . . .     Gourm    +   (no shield)
rNeg     + . .     Faith    .   a - +0 robe
rPois    .         Spirit   .   (helmet restricted)
rElec    .         Reflect  .   (no cloak)
rCorr    .         Harm     .   (gloves unavailable)
MR       .....                  (boots unavailable)
Stlth    ++........             (no amulet)
HPRegen  0.65/turn              l - ring of positive energy
MPRegen  0.11/turn              o - +4 ring of slaying

@: lethally poisoned (0 -> -14), berserk cooldown, slowed, very slow
A: large, unfitting armour, claws 3, fast metabolism 3, gourmand, regeneration
1, shaggy fur 1, tough skin 3
a: Berserk, Trog's Hand, Brothers in Arms, Renounce Religion


You were on level 9 of the Dungeon.
You worshipped Trog.
Trog was greatly pleased with you.
You were very full.

You visited 1 branch of the dungeon, and saw 9 of its levels.

You collected 498 gold pieces.
You spent 96 gold pieces at shops.

Inventory:

Armour
 a - a +0 robe (worn)
Jewellery
 l - a ring of positive energy (left claw)
 o - a +4 ring of slaying (right claw)
 w - a cursed ring of resist corrosion {unknown}
Scrolls
 c - 2 scrolls of immolation
 d - a scroll of noise {unknown}
 e - 5 scrolls of remove curse
 j - 5 scrolls of teleportation
 p - 2 scrolls of blinking {unknown}
 q - a scroll of random uselessness {unknown}
 s - a scroll of magic mapping {unknown}
 u - a scroll of enchant armour {unknown}
 v - 2 scrolls of enchant weapon {unknown}
 y - a scroll of identify
Potions
 f - 2 potions of flight {unknown}
 g - a potion of ambrosia
 h - a potion of cancellation {unknown}
 i - 3 potions of brilliance
 k - 2 potions of berserk rage
 m - a potion of resistance {unknown}
 n - 4 potions of curing
 r - a potion of might
 t - 2 potions of heal wounds
 x - a potion of invisibility {unknown}
Comestibles
 b - 18 rations


   Skills:
 + Level 4.5 Fighting
 * Level 8.1 Dodging
 - Level 1.0 Stealth
 + Level 12.0 Unarmed Combat


You had 9 spell levels left.
You didn't know any spells.
Your spell library was empty.

Dungeon Overview and Level Annotations

Branches:
Dungeon (9/15)             Temple (0/1) D:7            Lair (0/6) D:8
    Orc: D:9-12

Altars:
Ashenzari
Gozag
Qazlal
Trog
Wu Jian
Xom
Yredelemnul

Shops:
D:4 (   D:7 ?


Innate Abilities, Weirdness & Mutations

You are too large for most types of armour.
You have claws for hands.
Your metabolism is lightning-fast.
You like to eat raw meat.
Your natural rate of healing is unusually fast.
You are covered in fur. (AC +1)
You have extremely tough skin. (AC +3)


Message History

The killer bee misses you. x2; The killer bee closely misses you.
The killer bee barely misses you. The killer bee closely misses you.
The killer bee stings you.
* * * LOW HITPOINT WARNING * * *
The killer bee misses you. x2
You scratch the killer bee.
The killer bee is lightly wounded.
The killer bee closely misses you. The killer bee barely misses you.
The killer bee stings you.
* * * LOW HITPOINT WARNING * * *
You are poisoned.
The killer bee poisons you! The killer bee completely misses you.
The killer bee stings you.
* * * LOW HITPOINT WARNING * * *
You are more poisoned.
The killer bee poisons you! The killer bee stings you.
* * * LOW HITPOINT WARNING * * *
You are lethally poisoned!
The killer bee poisons you! The killer bee stings you!
You die...

######.######
#...........#
#...........#
#...........#
+...........#
#...........#
#.......#####
###y#####
#@y####


##yyyy# ###yyyy... .##y..% .. .%. ### # You could see 11 killer bees.

Vanquished Creatures
  Pikel (D:7)
  An elephant (D:8)
  A queen bee (D:9)
  A troll (D:9)
  2 hippogriffs (D:8)
  Prince Ribbit (D:6)
  Sigmund (D:6)
  A spriggan (D:8)
  A yak (D:8)
  2 basilisks (D:8)
  Edmund (D:6)
  2 sky beasts (D:6)
  A slave (D:7)
  An ice beast (D:5)
  2 ogres
  3 orc warriors
  A black bear (D:6)
  A phantom (D:5)
  3 centaurs
  3 bullfrogs
  3 scorpions
  A water moccasin skeleton (D:6)
  9 killer bees (D:9)
  A howler monkey (D:4)
  2 crimson imps
  A bullfrog zombie (D:5)
  A centaur zombie (D:8)
  A centaur skeleton (D:5)
  2 bullfrog skeletons
  2 jellies
  4 orc wizards
  5 orc priests
  A gnoll shaman (D:6)
  An iguana (D:6)
  7 worker ants
  A hound zombie (D:8)
  A hound skeleton (D:6)
  3 gnolls (D:6)
  8 adders
  A shadow imp (D:5)
  An ooze (D:7)
  2 adder skeletons
  2 adder zombies (D:8)
  A dart slug (D:1)
  2 worms
  2 leopard geckos
  15 orcs
  A ball python (D:3)
  A giant cockroach (D:5)
  8 goblins
  9 hobgoblins
  2 jackals (D:3)
  3 quokkas
  7 bats
  4 frilled lizards
  A jackal skeleton (D:6)
  6 kobolds
  A quokka skeleton (D:6)
  9 rats
  A fungus (D:8)
163 creatures vanquished.

Vanquished Creatures (others)
  A centaur (D:7)
1 creature vanquished.

Grand Total: 164 creatures vanquished

Notes
Turn   | Place    | Note
-------+----------+-------------------------------------------
     0 | D:1      | uberloutre the Troll Monk began the quest for the Orb.
     0 | D:1      | Reached XP level 1. HP: 22/22 MP: 0/0
   133 | D:1      | Reached XP level 2. HP: 29/29 MP: 1/1
   660 | D:2      | Reached XP level 3. HP: 36/36 MP: 2/2
   867 | D:2      | Found a shimmering altar of Xom.
   867 | D:2      | Found a bloodstained altar of Trog.
   957 | D:2      | Became a worshipper of Trog the Wrathful
   957 | D:2      | Reached * piety under Trog
   957 | D:2      | Reached ** piety under Trog
  1930 | D:3      | Reached XP level 4. HP: 42/45 MP: 3/3
  2242 | D:4      | Reached skill level 4 in Unarmed Combat
  2319 | D:4      | Reached XP level 5. HP: 53/53 MP: 4/4
  2400 | D:4      | Found Ecouq's Antique Weapon Shop.
  2690 | D:4      | Reached skill level 5 in Unarmed Combat
  2740 | D:5      | Entered Level 5 of the Dungeon
  2849 | D:5      | Reached XP level 6. HP: 57/61 MP: 5/5
  2992 | D:5      | Noticed an ice beast
  2994 | D:5      | Reached skill level 6 in Unarmed Combat
  3000 | D:5      | Killed an ice beast
  3000 | D:5      | Reached XP level 7. HP: 28/67 MP: 6/6
  3208 | D:5      | Found a basalt altar of Yredelemnul.
  3242 | D:5      | Reached *** piety under Trog
  3818 | D:6      | Noticed Prince Ribbit
  3994 | D:6      | Reached skill level 7 in Unarmed Combat
  3998 | D:6      | Reached skill level 5 in Dodging
  4002 | D:6      | Found a shattered altar of Ashenzari.
  4034 | D:6      | Reached XP level 8. HP: 75/75 MP: 7/7
  4233 | D:6      | Reached skill level 8 in Unarmed Combat
  4519 | D:6      | Found a stormy altar of Qazlal.
  4520 | D:6      | Found an opulent altar of Gozag.
  4561 | D:6      | Noticed Edmund
  4572 | D:6      | Killed Edmund
  4794 | D:6      | Noticed Sigmund
  4818 | D:6      | Killed Sigmund
  4818 | D:6      | Reached skill level 9 in Unarmed Combat
  5069 | D:6      | Killed Prince Ribbit
  5195 | D:6      | Reached XP level 9. HP: 58/84 MP: 8/8
  5491 | D:7      | Found Cukecuv's Magic Scroll Emporium.
  5500 | D:7      | Bought a scroll of identify for 24 gold pieces
  5500 | D:7      | Bought a scroll of identify for 24 gold pieces
  5500 | D:7      | Bought a scroll of identify for 24 gold pieces
  5500 | D:7      | Bought a scroll of identify for 24 gold pieces
  5591 | D:7      | Found a staircase to the Ecumenical Temple.
  5649 | D:7      | Noticed Pikel
  5663 | D:7      | Killed Pikel
  5663 | D:7      | Reached skill level 10 in Unarmed Combat
  5818 | D:7      | Reached **** piety under Trog
  6819 | D:8      | Noticed an elephant
  6821 | D:8      | Reached skill level 11 in Unarmed Combat
  6829 | D:8      | Killed an elephant
  6829 | D:8      | Reached XP level 10. HP: 26/93 MP: 9/9
  7217 | D:8      | Found a staircase to the Lair.
  7321 | D:8      | Found an ornate altar of the Wu Jian Council.
  7732 | D:9      | Reached skill level 12 in Unarmed Combat
  7742 | D:9      | Slain by a killer bee

Skill      XL: |  1  2  3  4  5  6  7  8  9 10 |
---------------+-------------------------------+-----
Fighting       | 3 4 |  4.5
Dodging        | 3 4 5 6 7 8 |  8.1
Unarmed Combat | 4 5 6 7 9 11 12 | 12.0
Stealth        | |  1.0

Action                   |  1- 3 |  4- 6 |  7- 9 | 10-12 || total
-------------------------+-------+-------+-------+-------++-------
Melee: Unarmed           |   123 |    60 |   216 |    67 ||   466
       Punch             |     1 |     3 |     7 |     8 ||    19
Invok: Berserk           |       |     1 |     3 |     1 ||     5
  Use: Scroll            |     2 |     4 |     7 |       ||    13
       Potion            |       |       |       |     1 ||     1
 Stab: Sleeping          |     1 |       |     2 |     1 ||     4
       Distracted        |       |       |     1 |       ||     1
  Eat: Chunk             |    20 |     7 |    35 |     6 ||    68
       Ration            |     1 |       |     2 |     1 ||     4
Armor: Robe              |    39 |    10 |    39 |    14 ||   102
Dodge: Dodged            |    51 |    25 |   120 |    77 ||   273
